 Dungeon Crawl Stone Soup version 0.25-a0-492-g44cc58d (webtiles) character file.

Game seed: 12270007213954442693, levelgen mode: deterministic

135 drc500free the Grave Robber (level 5, -1/36 HPs)
             Began as a Human Necromancer on Feb 11, 2020.
             Was an Initiate of Nemelex Xobeh.
             Slain by an orc
             ... wielding a +0 flail
              (4 damage)
             ... on level 3 of the Dungeon.
             The game lasted 00:16:11 (3177 turns).

drc500free the Grave Robber (Human Necromancer)     Turns: 3177, Time: 00:16:11

Health: -1/36      AC:  2    Str: 13    XL:     5   Next: 41%
Magic:  10/10      EV: 18    Int: 16    God:    Nemelex Xobeh [......]
Gold:   134        SH:  0    Dex: 19    Spells: 5/10 levels left

rFire    . . .     SeeInvis .   j - +0 dagger
rCold    . . .     Gourm    .   (no shield)
rNeg     . . .     Faith    .   a - +0 robe
rPois    .         Spirit   .   (no helmet)
rElec    .         Reflect  .   (no cloak)
rCorr    .         Harm     .   (no gloves)
MR       .....                  (no boots)
Stlth    +++.......             (no amulet)
HPRegen  0.12/turn              (no ring)
MPRegen  0.12/turn              (no ring)

@: mighty, agile, about to teleport, very slightly contaminated
A: no striking features
a: Draw Escape, Draw Destruction, Draw Summoning, Renounce Religion


You were on level 3 of the Dungeon.
You worshipped Nemelex Xobeh.
Nemelex Xobeh was noncommittal.
You were not hungry.

You visited 1 branch of the dungeon, and saw 3 of its levels.

You collected 134 gold pieces.

Inventory:

Hand Weapons
 d - a +0 dagger
 j - a +0 dagger (weapon)
 m - a +0 hunting sling
 n - a +0 short sword
Missiles
 b - 125 stones (quivered)
Armour
 a - a +0 robe (worn)
 l - a +0 cloak
Wands
 q - a wand of flame (15)
Scrolls
 e - 5 scrolls of identify {unknown}
 g - a scroll of enchant weapon {unknown}
 i - a scroll of fear {unknown}
 k - 2 scrolls of amnesia {unknown}
 r - a scroll of magic mapping {unknown}
Comestibles
 c - 2 rations
 s - a chunk of flesh


   Skills:
 + Level 0.3 Fighting
   Level 0.6 Maces & Flails
 + Level 2.3 Dodging
 + Level 2.0 Stealth
 + Level 3.3 Spellcasting
 + Level 5.1 Necromancy


You had 5 spell levels left.
You knew the following spells:

 Your Spells              Type           Power        Failure   Level  Hunger
a - Pain                  Necr           ###.         2%          1    None
b - Animate Skeleton      Necr           N/A          2%          1    None
c - Vampiric Draining     Necr           ###.......   6%          3    ###....

Your spell library contained the following spells:

 Spells                   Type           Power        Failure   Level  Hunger
 Animate Dead             Necr           N/A          22%         4    ####...
 Confusing Touch          Hex            #.......     47%         3    ###....
 Gell's Gravitas          Tloc           #.........   47%         3    ###....
 Agony                    Necr           ###.....     52%         5    ######.
 Petrify                  Tmut/Erth      #.......     87%         4    ####...
 Metabolic Englaciation   Hex/Ice        #.........   99%         5    ######.
 Yara's Violent Unravell  Hex/Tmut       #.........   99%         5    ######.


Dungeon Overview and Level Annotations

Branches:
Dungeon (3/15)

Altars:
Nemelex Xobeh
Okawaru
Ru
Uskayaw


Message History

Casting: Pain (safe; 2% risk of failure)
Confirm with . or Enter, or press ? or * to list all spells.
You miscast Animate Skeleton.
You are very lightly contaminated with residual magic.
Nothing appears to happen.
The worm closely misses you.
As you read the scroll of teleportation, it crumbles to dust.
You feel strangely unstable. The orc hits you with a +0 flail.
* * * LOW HITPOINT WARNING * * *
Unknown command.
Okay, then.
It was a potion of magic.
Magic courses through your body. The orc closely misses you.
The worm closely misses you.
It was a potion of might.
You feel very mighty all of a sudden. The orc misses you.
It was a potion of agility.
You feel agile all of a sudden. The worm misses you.
The orc hits you with a +0 flail.
You die...
Your body disappears without a glow.

[♣...#...########...#########....
♣.♣......# ##.........##....
.♣.♣....## #####................
♣.♣.♣...#####.....#.#########....
._.♣.♣.##<....#####.# #....
♣.♣.♣...)).#### #.# #....
.♣.♣....##..## #.### #....
♣Z♣....###...######...## #....
.♣...#.# ###...w@o....)##########
.......# ##.######......)o..o#
####..## #.....####..######.ow
#..# #####...###..# #.. ##.##
###.# ##.# .o ##..# #.# #.# .
##..## #.## #.## . ...##
#..###..# ..## ##...##.##


You could see a worm and an orc.

Vanquished Creatures
  An orc wizard (D:3)
  3 adders (D:2)
  An ooze (D:2)
  2 worms (D:3)
  A dart slug (D:2)
  3 leopard geckos
  8 orcs
  10 bats
  3 giant cockroaches
  5 goblins
  3 hobgoblins
  2 jackals (D:1)
  5 kobolds
  2 quokkas (D:2)
  5 frilled lizards
  5 rats
59 creatures vanquished.

Vanquished Creatures (collateral kills)
  An orc (D:3)
  A giant cockroach (D:3)
  A quokka (D:3)
  A kobold (D:3)
4 creatures vanquished.

Grand Total: 63 creatures vanquished

Notes
Turn   | Place    | Note
-------+----------+-------------------------------------------
     0 | D:1      | drc500free the Human Necromancer began the quest for the
                  | Orb.
     0 | D:1      | Reached XP level 1. HP: 13/13 MP: 3/3
   302 | D:1      | Reached XP level 2. HP: 1/19 MP: 0/5
   835 | D:1      | Reached XP level 3. HP: 19/24 MP: 0/6
   904 | D:2      | Found a hide-covered altar of Uskayaw.
  1531 | D:2      | Reached XP level 4. HP: 23/30 MP: 3/7
  2286 | D:2      | Reached skill level 5 in Necromancy
  2301 | D:2      | Found a sparkling altar of Nemelex Xobeh.
  2306 | D:2      | Became a worshipper of Nemelex Xobeh the Trickster
  2360 | D:3      | Found an iron altar of Okawaru.
  2571 | D:2      | Reached XP level 5. HP: 24/36 MP: 0/9
  2702 | D:3      | Received a gift from Nemelex Xobeh
  2721 | D:3      | Learned a level 1 spell: Animate Skeleton
  2725 | D:3      | Learned a level 3 spell: Vampiric Draining
  2947 | D:3      | Found a sacrificial altar of Ru.
  3177 | D:3      | Slain by an orc

Levels and vault maps discovered:
D:1:      giann_horns, layout_basic
D:2:      layout_loops_ring, eat_drink_and_be_merry_uskayaw, marbit_many_paths
D:3:      layout_rooms, okawaru_trees_2, lemuel_zombie_altar_yredelemnul,
          nicolae_ru_path_of_blood

Skill      XL: |  1  2  3  4  5 |
---------------+----------------+-----
Necromancy     | 5 |  5.1
Spellcasting   | 3 |  3.3
Fighting       | |  0.3
Maces & Flails | |  0.6
Dodging        | |  2.3
Stealth        | |  2.0

Action                   |  1- 3 |  4- 6 || total
-------------------------+-------+-------++-------
Melee: Unarmed           |     4 |       ||     4
       Club              |    16 |       ||    16
       Dagger            |    12 |     5 ||    17
Throw: Stone             |     3 |       ||     3
 Cast: Pain              |    53 |    72 ||   125
       Animate Skeleton  |       |     7 ||     7
  Use: Scroll            |     1 |     1 ||     2
       Potion            |     1 |     3 ||     4
  Eat: Chunk             |     3 |     5 ||     8
Armor: Robe              |    12 |     2 ||    14
Dodge: Dodged            |    49 |    23 ||    72

Table legend:
 A = Non-vault XP
 B = Vault XP
 C = Vault XP percentage of total XP
 D = Non-vault monster count
 E = Vault monster count
 F = Vault count percentage of total count
                 A         B        C        D         E       F
            +---------+---------+-------+---------+---------+-------
      Total |     191 |       2 |   1.0 |      62 |       1 |   1.6
            +---------+---------+-------+---------+---------+-------
        D:1 |      29 |       0 |   0.0 |      17 |       0 |   0.0
        D:2 |      88 |       2 |   2.2 |      28 |       1 |   3.4
        D:3 |      74 |       0 |   0.0 |      17 |       0 |   0.0
            +---------+---------+-------+---------+---------+-------
